 Dungeon Crawl Stone Soup version 0.24-a0-445-gd5110b030a (console) character file.

Game seed: 789824690740755782

6780 StandStab the Cleaver (level 10, -17/90 HPs)
             Began as a Minotaur Fighter on June 22, 2019.
             Was a Priest of Okawaru.
             Demolished by Urug
             ... wielding a +0 double sword of electrocution
              (21 damage)
             ... on level 10 of the Dungeon.
             The game lasted 00:22:07 (8371 turns).

StandStab the Cleaver (Minotaur Fighter)            Turns: 8371, Time: 00:22:07

Health: -17/90     AC: 18    Str: 28      XL:     10   Next: 76%
Magic:  9/9        EV: 13    Int:  5      God:    Okawaru [***...]
Gold:   482        SH:  0    Dex: 10 (11) Spells: 9/9 levels left

rFire    + . .     SeeInvis .   g - +2 glaive (freeze)
rCold    + . .     Gourm    .   (shield currently unavailable)
rNeg     + . .     Faith    .   G - +4 scale mail "Baxos" {rPois rF+ rN+ rCorr}
rPois    +         Spirit   .   (helmet restricted)
rElec    .         Reflect  .   B - +0 cloak
rCorr    +         Harm     .   O - +1 pair of gloves
MR       .....                  l - +0 pair of boots
Stlth    ..........             (no amulet)
HPRegen  0.25/turn              p - ring of protection from cold
MPRegen  0.11/turn              I - +3 ring of evasion

@: mighty
A: retaliatory headbutt, horns 2
a: Heroism, Renounce Religion


You were on level 10 of the Dungeon.
You worshipped Okawaru.
Okawaru was most pleased with you.
You were hungry.

You visited 2 branches of the dungeon, and saw 11 of its levels.

You collected 804 gold pieces.
You spent 322 gold pieces at shops.

Inventory:

Hand Weapons
 a - a +0 war axe
 g - a +2 glaive of freezing (weapon)
   (You bought it in a shop on level 6 of the Dungeon)
 z - a +1 whip of flaming
   (You took it off Pikel on level 4 of the Dungeon)
 P - a +2 short sword of venom
   (You found it on level 9 of the Dungeon)
Armour
 c - a +1 shield
 l - a +0 pair of boots (worn)
   (You found it on level 2 of the Dungeon)
 B - a +0 cloak (worn)
   (You took it off Crazy Yiuf on level 4 of the Dungeon)
 G - the +4 scale mail "Baxos" (worn) {rPois rF+ rN+ rCorr}
   (You found it on level 6 of the Dungeon)

   It protects you from fire.
   It protects you from poison.
   It protects you from negative energy.
   It provides partial protection from all sources of acid and corrosion.
 K - the cursed +0 leather armour of Inited {Dex+2 Stlth+, unknown}
   (You found it on level 9 of the Dungeon)

   It affects your dexterity (+2).
   It makes you more stealthy.
   It has a curse placed upon it.
 M - the cursed +0 buckler "Qoerecw" {MR+ Regen+ Int+9, unknown}
   (You found it on level 9 of the Dungeon)

   It affects your intelligence (+9).
   It affects your resistance to hostile enchantments.
   It increases your rate of regeneration.
   It has a curse placed upon it.
 O - a +1 pair of gloves (worn)
   (You found it on level 9 of the Dungeon)
Jewellery
 p - a ring of protection from cold (left hand)
   (You found it on level 2 of the Dungeon)
 y - an uncursed ring of ice
   (You found it on level 4 of the Dungeon)
 I - a +3 ring of evasion (right hand)
   (You found it on level 8 of the Dungeon)
 J - a +2 ring of intelligence
   (You found it on level 7 of the Dungeon)
 L - an uncursed ring of flight
   (You found it on level 8 of the Dungeon)
Wands
 A - a wand of paralysis (9)
   (You took it off Pikel on level 4 of the Dungeon)
 C - a wand of polymorph (20)
   (You found it on level 8 of the Dungeon)
Scrolls
 h - 3 scrolls of enchant armour
 n - 2 scrolls of teleportation
 o - 2 scrolls of enchant weapon {unknown}
 q - 3 scrolls of amnesia {unknown}
 r - a scroll of magic mapping {unknown}
 u - 6 scrolls of blinking {unknown}
 x - 3 scrolls of remove curse
 D - 4 scrolls of identify
 E - a scroll of fog {unknown}
 H - a scroll of immolation {unknown}
Potions
 b - 3 potions of invisibility {unknown}
 d - 2 potions of might
 e - 2 potions of haste {unknown}
 i - 3 potions of ambrosia {unknown}
 j - a potion of agility
 k - 4 potions of lignification {unknown}
 m - 5 potions of degeneration
 s - a potion of mutation
 t - 4 potions of flight {unknown}
 v - 5 potions of curing {unknown}
 w - 2 potions of brilliance {unknown}
 F - a potion of heal wounds {unknown}
Comestibles
 f - 18 rations


   Skills:
 + Level 8.9 Fighting
 + Level 13.1 Axes
 - Level 10.3 Armour
 + Level 8.1 Shields


You had 9 spell levels left.
You didn't know any spells.
Your spell library was empty.

Dungeon Overview and Level Annotations

Branches:
Dungeon (10/15)            Temple (1/1) D:6            Lair (0/6) D:8
    Orc: D:9-12

Altars:
Ashenzari
Cheibriados
Dithmenos
Elyvilon
Fedhas
Gozag
Hepliaklqana
Kikubaaqudgha
Makhleb
Nemelex Xobeh
Okawaru
Qazlal
Ru
Sif Muna
Trog
Uskayaw
Vehumet
Wu Jian
Xom
Yredelemnul
Zin
The Shining One

Shops:
D:6 *

Annotations:
D:10 Urug


Innate Abilities, Weirdness & Mutations

You reflexively headbutt those who attack you in melee.
You have a pair of horns on your head.


Message History

The killer bee closely misses you. You furiously retaliate!
You headbutt the killer bee, but do no damage.
A quasit comes into view.
The killer bee stings you but does no damage.
You slice the killer bee!! You freeze the killer bee.
You kill the killer bee!
Okawaru accepts your kill.
You completely miss the quasit. Your headbutt misses the quasit.
The quasit barely misses you. You furiously retaliate!
You headbutt the quasit.
The quasit claws you but does no damage. x2
The quasit bites you but does no damage.
The quasit barely misses you. x2
You closely miss the quasit. Your headbutt misses the quasit.
The quasit barely misses you. x2; The quasit misses you.
You barely miss the quasit.
The quasit bites you but does no damage.
The quasit barely misses you. x2
The quasit bites you but does no damage.
The quasit completely misses you. The quasit claws you.
You miss the quasit. The quasit closely misses you.
The quasit claws you but does no damage. x2
The quasit misses you. You furiously retaliate!
You headbutt the quasit!
The quasit claws you but does no damage.
The quasit misses you.
You miss the quasit.
The quasit bites you but does no damage.
The quasit claws you.
You feel clumsy. The quasit barely misses you.
You closely miss the quasit. You headbutt the quasit.
You kill the quasit!
Okawaru accepts your kill.
Things that are here:
a +0 giant club; a +0 giant spiked club; a killer bee corpse You start resting.
C - a wand of polymorph (20) (gained 11 charges)
You see here a plate armour.
A wight comes into view.
It is wielding a +3 halberd. 2 wights come into view.
Attack whom?
Aim: a wight, wielding a +3 halberd and wearing a +0 robe You reach to attack!
You slash the wight! You freeze the wight. The wight misses you.
Attack whom?
Aim: a wight, wielding a +3 halberd and wearing a +0 robe (almost destroyed)
You reach to attack!
You slash the wight!
You destroy the wight!
Okawaru accepts your kill.
Urug the Orcish Ballista comes into view.
She is wielding a +0 double sword of electrocution.
Urug drinks a potion.
Urug suddenly seems more resistant.
You gain the combat prowess of a mighty hero.
Attack whom?
Aim: a wight, wielding a +2 mace and wearing a +0 robe You reach to attack!
You slash the wight!
You destroy the wight!
Okawaru accepts your kill.
Urug throws a javelin.
The javelin misses you.
You barely miss the wight. You closely miss Urug. You headbutt Urug.
You barely miss Urug.
Urug hits you with a +0 double sword of electrocution!
You are electrocuted!!
You closely miss Urug. You headbutt Urug. Urug hits you but does no damage.
You are electrocuted!
* * * LOW HITPOINT WARNING * * *
You are too injured to fight recklessly!
You feel very mighty all of a sudden.
Urug hits you with a +0 double sword of electrocution.
* * * LOW HITPOINT WARNING * * *
You are electrocuted!
* * * LOW HITPOINT WARNING * * *
Okay, then.
You are too injured to fight recklessly!
You are too injured to fight recklessly!
You slice Urug!! You freeze Urug. Your headbutt misses Urug.
Urug barely misses you.
You slice Urug!! You freeze Urug.
You feel like a meek peon again.
Urug hits you with a +0 double sword of electrocution!
* * * LOW HITPOINT WARNING * * *
You are electrocuted!
* * * LOW HITPOINT WARNING * * *
You closely miss Urug. Urug barely misses you.
You closely miss Urug. Urug barely misses you.
You barely miss Urug. Urug closely misses you.
You barely miss Urug. Urug closely misses you.
You closely miss Urug. Your headbutt misses Urug.
Urug hits you with a +0 double sword of electrocution.
* * * LOW HITPOINT WARNING * * *
You slash Urug! You freeze Urug.
Urug hits you with a +0 double sword of electrocution.
* * * LOW HITPOINT WARNING * * *
You are feeling hungry.
You closely miss Urug. Your headbutt misses Urug. Urug barely misses you.
You barely miss Urug. Urug barely misses you.
Your scale mail "Baxos" prevents you from hitting Urug.
Your headbutt misses Urug.
Urug hits you with a +0 double sword of electrocution!!
You die...

#############
............############
.##........(....Hoz..."#
.##.#.#####.######.....#
.##.#.# #............$
.##.#.## #.######. ...#
.##....# #.# ..#
.......# #.# ##
.......####.#
...##...((.(#
....#.####..#


You could see Urug and a wight.

Vanquished Creatures
  2 two-headed ogres
  Pikel (D:4)
  2 trolls
  Grinder (D:4)
  Prince Ribbit (D:6)
  2 hippogriffs (D:7)
  2 ice beasts (D:9)
  A sky beast (D:10)
  2 black bears
  2 ogres
  5 centaurs
  2 big kobolds (D:9)
  2 bullfrogs
  2 scorpions
  5 wights
  19 killer bees
  A howler monkey (D:4)
  A bullfrog zombie (D:7)
  A crimson imp (D:5)
  2 quasits
  2 centaur zombies (D:6)
  2 jellies (D:7)
  Crazy Yiuf (D:4)
  5 hounds
  3 bullfrog skeletons
  5 orc priests
  5 orc wizards
  Natasha (thrice) (D:2)
  Terence (D:3)
  3 iguanas
  8 worker ants
  A killer bee zombie (D:9)
  9 adders
  4 shadow imps
  An adder zombie (D:7)
  2 adder skeletons
  2 dart slugs
  6 leopard geckos
  15 orcs
  5 bats
  2 giant cockroaches (D:1)
  9 goblins
  5 hobgoblins
  20 jackals
  10 kobolds
  4 quokkas
  4 ball pythons
  3 frilled lizards
  A leopard gecko skeleton (D:4)
  A quokka zombie (D:9)
  12 rats
  A fungus (D:4)
211 creatures vanquished.

Vanquished Creatures (others)
  A leopard gecko skeleton (D:4)
  4 toadstools (D:4)
5 creatures vanquished.

Grand Total: 216 creatures vanquished

Notes
Turn   | Place    | Note
-------+----------+-------------------------------------------
     0 | D:1      | StandStab the Minotaur Fighter began the quest for the Orb.
     0 | D:1      | Reached XP level 1. HP: 19/19 MP: 0/0
   132 | D:1      | Reached skill level 3 in Axes
   132 | D:1      | Reached XP level 2. HP: 26/26 MP: 1/1
   305 | D:1      | Reached skill level 4 in Armour
   351 | D:1      | Reached skill level 4 in Shields
   426 | D:1      | Reached XP level 3. HP: 29/31 MP: 2/2
   739 | D:2      | Noticed Natasha
   747 | D:2      | Killed Natasha
   759 | D:2      | Reached skill level 4 in Axes
   869 | D:2      | Noticed Natasha
   876 | D:2      | Killed Natasha
   876 | D:2      | Reached XP level 4. HP: 32/39 MP: 3/3
   978 | D:2      | Noticed Natasha
   987 | D:2      | Killed Natasha
  1181 | D:3      | Reached XP level 5. HP: 45/45 MP: 4/4
  1195 | D:3      | Noticed Terence
  1201 | D:3      | Killed Terence
  1201 | D:3      | Reached skill level 5 in Axes
  1681 | D:4      | Reached skill level 5 in Armour
  1716 | D:4      | Reached skill level 5 in Shields
  1721 | D:4      | Reached XP level 6. HP: 50/51 MP: 5/5
  1778 | D:4      | Reached skill level 6 in Axes
  2043 | D:4      | Noticed Grinder
  2043 | D:4      | Paralysed by Grinder for 5 turns
  2056 | D:4      | Killed Grinder
  2056 | D:4      | Reached XP level 7. HP: 23/57 MP: 6/6
  2327 | D:4      | Reached skill level 7 in Axes
  2474 | D:4      | Reached skill level 6 in Armour
  2474 | D:4      | Reached skill level 6 in Shields
  2488 | D:4      | Noticed Pikel
  2496 | D:4      | Paralysed by Pikel for 7 turns
  2505 | D:4      | Paralysed by Pikel for 4 turns
  2510 | D:4      | Killed Pikel
  2510 | D:4      | Reached skill level 8 in Axes
  2510 | D:4      | Reached skill level 7 in Armour
  2510 | D:4      | Reached skill level 7 in Shields
  2510 | D:4      | Reached XP level 8. HP: 32/64 MP: 7/7
  2750 | D:4      | Found a runed translucent door.
  2751 | D:4      | Noticed Crazy Yiuf
  2951 | D:4      | Killed Crazy Yiuf
  2983 | D:5      | Entered Level 5 of the Dungeon
  3203 | D:5      | Found a glowing golden altar of the Shining One.
  3203 | D:5      | Found a shadowy altar of Dithmenos.
  3204 | D:5      | Found an ancient bone altar of Kikubaaqudgha.
  3204 | D:5      | Found a deep blue altar of Sif Muna.
  3851 | D:6      | Found Ravunac's Assorted Antiques.
  3853 | D:6      | Noticed Prince Ribbit
  3875 | D:6      | Bought a runed glaive for 266 gold pieces
  3875 | D:6      | Bought a scroll of identify for 56 gold pieces
  4013 | D:6      | Killed Prince Ribbit
  4013 | D:6      | Reached skill level 8 in Armour
  4013 | D:6      | Reached skill level 8 in Shields
  4123 | D:6      | Reached skill level 9 in Axes
  4134 | D:6      | Found a staircase to the Ecumenical Temple.
  4139 | Temple   | Entered the Ecumenical Temple
  4265 | Temple   | Became a worshipper of Warmaster Okawaru
  4368 | D:6      | Found a sparkling altar of Nemelex Xobeh.
  4390 | D:6      | Reached skill level 4 in Fighting
  4409 | D:6      | Got a warped scale mail
  4483 | D:6      | Identified the +4 scale mail "Baxos" {rPois rF+ rN+ rCorr}
                  | (You found it on level 6 of the Dungeon)
  4640 | D:7      | Noticed a hippogriff
  4649 | D:7      | Killed a hippogriff
  4649 | D:7      | Reached * piety under Okawaru
  4649 | D:7      | Reached skill level 5 in Fighting
  4649 | D:7      | Reached XP level 9. HP: 44/74 MP: 8/8
  4854 | D:7      | Reached skill level 10 in Axes
  4944 | D:7      | Reached skill level 6 in Fighting
  5370 | D:7      | Reached skill level 7 in Fighting
  5422 | D:7      | Found an opulent altar of Gozag.
  5595 | D:8      | Got a steaming hunting sling
  5603 | D:8      | Reached ** piety under Okawaru
  5686 | D:8      | Reached skill level 11 in Axes
  5984 | D:8      | Found a staircase to the Lair.
  6363 | D:8      | Found a snail-covered altar of Cheibriados.
  6523 | D:9      | Noticed a two-headed ogre
  6530 | D:9      | Killed a two-headed ogre
  6530 | D:9      | Reached skill level 8 in Fighting
  6530 | D:9      | Reached XP level 10. HP: 73/90 MP: 9/9
  6557 | D:9      | Got a translucent leather armour
  6579 | D:9      | Got a jewelled buckler
  6875 | D:9      | Reached skill level 12 in Axes
  7405 | D:9      | Reached skill level 9 in Armour
  7419 | D:9      | Reached *** piety under Okawaru
  7808 | D:10     | Entered Level 10 of the Dungeon
  7823 | D:10     | HP: 22/90 [poisoned by a killer bee]
  7830 | D:10     | HP: 21/90 [poisoned by a killer bee]
  7838 | D:10     | HP: 21/90 [poisoned by a killer bee]
  8161 | D:10     | Noticed a two-headed ogre
  8172 | D:10     | Killed a two-headed ogre
  8172 | D:10     | Reached skill level 13 in Axes
  8172 | D:10     | Reached skill level 10 in Armour
  8180 | D:10     | Reached **** piety under Okawaru
  8352 | D:10     | Noticed Urug
  8362 | D:10     | HP: 9/90 [Urug/+0 double sword of electrocution (14)]
  8367 | D:10     | HP: 8/90 [Urug/+0 double sword of electrocution (3)]
  8368 | D:10     | HP: 3/90 [Urug/+0 double sword of electrocution (5)]
  8371 | D:10     | Demolished by Urug

Levels and vault maps discovered:
D:1:      evilmike_arrival_crescent, layout_loops_ring
D:2:      layout_basic, uniq_natasha
D:3:      layout_loops_ring, uniq_terence
D:4:      layout_basic, minmay_gold_behind_fungi, minmay_quantized,
          uniq_grinder, uniq_pikel, uniq_crazy_yiuf_cottage
D:5:      layout_rooms, chequers_temple_overflow_statue_of_worship, first_ration
D:6:      layout_basic, lemuel_round_altar, minmay_temple_entry_nine_rooms,
          serial_shops, nicolae_shop_temple_entry_statues_fountains,
          uniq_prince_ribbit1
D:7:      layout_loops_ring, lemuel_crystal_altar
D:8:      layout_basic, lair_entry_dummy, basic_altar
D:9:      minmay_clustersquares, layout_layer_cave, blue_anna_alchemist
          [blue_anna_fruit_fields, blue_anna_fruit_fields]
D:10:     layout_loops_ring, zombieorc2_lemuel, uniq_urug
Temple:   eino_temple_rhombus

Skill      XL: |  1  2  3  4  5  6  7  8  9 10 |
---------------+-------------------------------+-----
Axes           | 3 4 5 6 8 9 11 13 | 13.1
Armour         | 4 5 7 8 10 | 10.3
Shields        | 4 5 7 8 |  8.1
Fighting       | 5 8 |  8.9

Action                   |  1- 3 |  4- 6 |  7- 9 | 10-12 || total
-------------------------+-------+-------+-------+-------++-------
Melee: War axe           |    66 |   112 |    34 |       ||   212
       Headbutt          |     9 |    22 |    52 |    18 ||   101
       Whip              |       |       |   140 |       ||   140
       Glaive            |       |       |   139 |   117 ||   256
Invok: Heroism           |       |       |       |     3 ||     3
  Use: Scroll            |       |     7 |       |       ||     7
       Potion            |       |     2 |     1 |     1 ||     4
  Eat: Chunk             |       |     4 |     3 |       ||     7
       Ration            |       |       |     4 |     1 ||     5
Armor: Scale mail        |    32 |    49 |   150 |    95 ||   326
Dodge: Dodged            |    24 |    34 |   145 |   135 ||   338
Block: Shield            |    26 |    58 |    83 |       ||   167

Table legend:
 A = Non-vault XP
 B = Vault XP
 C = Vault XP percentage of total XP
 D = Non-vault monster count
 E = Vault monster count
 F = Vault count percentage of total count
                 A         B        C        D         E       F
            +---------+---------+-------+---------+---------+-------
      Total |    7504 |    2182 |  22.5 |     193 |      17 |   8.1
            +---------+---------+-------+---------+---------+-------
        D:1 |      42 |       0 |   0.0 |      26 |       0 |   0.0
        D:2 |      91 |      36 |  28.3 |      13 |       1 |   7.1
        D:3 |      76 |      36 |  32.1 |      27 |       1 |   3.6
        D:4 |     337 |    1017 |  75.1 |      18 |       5 |  21.7
        D:5 |     377 |       0 |   0.0 |      16 |       0 |   0.0
        D:6 |     413 |     264 |  39.0 |      16 |       1 |   5.9
        D:7 |    1389 |       0 |   0.0 |      23 |       0 |   0.0
        D:8 |     568 |       0 |   0.0 |      16 |       0 |   0.0
        D:9 |    1996 |     829 |  29.3 |      21 |       9 |  30.0
       D:10 |    2215 |       0 |   0.0 |      17 |       0 |   0.0
            +---------+---------+-------+---------+---------+-------

Levels and vault maps discovered:
D:1:      evilmike_arrival_crescent, layout_loops_ring
D:2:      layout_basic, uniq_natasha
D:3:      layout_loops_ring, uniq_terence
D:4:      layout_basic, minmay_gold_behind_fungi, minmay_quantized,
          uniq_grinder, uniq_pikel, uniq_crazy_yiuf_cottage
D:5:      layout_rooms, chequers_temple_overflow_statue_of_worship, first_ration
D:6:      layout_basic, lemuel_round_altar, minmay_temple_entry_nine_rooms,
          serial_shops, nicolae_shop_temple_entry_statues_fountains,
          uniq_prince_ribbit1
D:7:      layout_loops_ring, lemuel_crystal_altar
D:8:      layout_basic, lair_entry_dummy, basic_altar
D:9:      minmay_clustersquares, layout_layer_cave, blue_anna_alchemist
          [blue_anna_fruit_fields, blue_anna_fruit_fields]
D:10:     layout_loops_ring, zombieorc2_lemuel, uniq_urug
Temple:   eino_temple_rhombus

Table legend:
 A = Turns spent in this place as a percentage of turns spent in the entire game.
 B = Non-inter-level travel turns spent in this place as a percentage of non-inter-level travel turns spent in the entire game.
 C = Inter-level travel turns spent in this place as a percentage of turns spent in this place.
 D = Turns resting spent in this place as a percentage of non-inter-level travel turns spent in this place.
 E = Turns spent auto-exploring this place as a percentage of non-inter-level travel turns spent in this place.
 F = Non-inter-level travel turns spent in this place divided by the number of levels of this place that you've seen.
                   A       B       C       D       E      F
               +-------+-------+-------+-------+-------+----------------------
         Total | 100.0 | 100.0 |   2.4 |  23.3 |  61.8 | 742.8
       Dungeon |  98.4 |  98.5 |   2.3 |  23.6 |  61.3 | 805.2
        Temple |   1.6 |   1.5 |  10.5 |   0.0 |  97.5 | 119.0
               +-------+-------+-------+-------+-------+----------------------

Table legend:
 A = Kills in this place as a percentage of kills in entire the game.
 B = Kills by you in this place as a percentage of kills by you in the entire game.
 C = Kills by friends in this place as a percentage of kills by friends in the entire game.
 D = Other kills in this place as a percentage of other kills in the entire game.
 E = Experience gained in this place as a percentage of experience gained in the entire game.
 F = Experience gained in this place divided by the number of levels of this place that you have seen.
                   A       B       C       D       E      F
               +-------+-------+-------+-------+-------+----------------------
         Total | 100.0 | 100.0 |   N/A |   N/A | 100.0 | 880.5
       Dungeon | 100.0 | 100.0 |   N/A |   N/A | 100.0 | 968.6
               +-------+-------+-------+-------+-------+----------------------
